 Dungeon Crawl Stone Soup version 0.18-a0-1637-g109f206 (webtiles) character file.

302699 M4edhros the Spry (level 21, -12/137 HPs)
             Began as an Octopode Hunter on Mar 26, 2016.
             Was an Initiate of Gozag.
             Mangled by Cigotuvi's Monster (24 damage)
             ... in a wizard's laboratory on Mar 27, 2016.
             The game lasted 02:02:53 (44226 turns).

M4edhros the Spry (Octopode Hunter)                Turns: 44226, Time: 02:03:00

Health: -12/137    AC:  8    Str: 20    XL:     21   Next: 43%
Magic:  40/40      EV: 31    Int:  9    God:    Gozag
Gold:   554        SH: 20    Dex: 24    Spells: 6 memorised, 18 levels left

rFire  + + +     SeeInvis +     r - +6 demon trident of Fysempum {speed, rN+ MP+9 Str+4 Int-5}
rCold  + + .     Gourm    .     M - +5 shield {reflect}
rNeg   + + .     Faith    +     a - +2 hat {MR+}
rPois  +         Spirit   .     F - amulet of faith
rElec  +         Dismiss  .     k - +4 ring of evasion
rCorr  .         Reflect  +     m - ring of protection from cold
SustAt .         Harm     .     h - ring of protection from fire
MR     ++...                    J - ring of Shadows {Umbra +Inv rN+ SInv}
Stlth  ++++++++++               V - +6 ring of dexterity
                                t - ring of protection from fire
                                A - ring "Losagrun" {AC+5 Str+3 Stlth+}
                                L - ring of poison resistance

@: wreathed by umbra, constricted, very resistant to hostile enchantments,
uncannily stealthy
A: almost no armour, amphibious, 8 rings, constrict 8, antennae 2, camouflage 1,
clumsy 1, cold resistance 1, dopey 1, fire resistance 1, electricity resistance,
strong 1, gelatinous body 1, evolution 1
a: Potion Petition, Call Merchant, Bribe Branch, Renounce Religion, Evoke
Invisibility
}: 1/15 runes: gossamer


You were in a wizard's laboratory.
You worshipped Gozag.
Gozag was noncommittal.
You were hungry.

You visited 7 branches of the dungeon, and saw 35 of its levels.
You visited the Abyss 1 time.
You also visited: Labyrinth, Sewer, Bailey, Ice Cave and Wizlab.

You collected 20435 gold pieces.
You spent 1822 gold pieces at shops.
You paid 18059 gold pieces to Gozag.

Inventory:

Hand Weapons
 n - a +1 greatsling of flaming
 r - the +6 demon trident of Fysempum (weapon) {speed, rN+ MP+9 Str+4 Int-5}
   (You bought it in a shop on level 8 of the Dungeon)

   Attacks with this weapon are significantly faster.
   It affects your strength (+4).
   It affects your intelligence (-5).
   It protects you from negative energy.
   It affects your magic capacity (+9).
 X - a +0 blowgun
Missiles
 b - 89 poisoned needles
 c - 209 sling bullets
 e - 898 stones (quivered)
 f - 11 poisoned sling bullets
 N - 47 tomahawks of returning
 U - 18 curare-tipped needles
Armour
 a - a +2 hat of magic resistance (worn)
 M - a +5 shield of reflection (worn)
Rods
 W - a +5 rod of clouds (12/12)
   (You found it on level 2 of the Vaults)
Jewellery
 h - a ring of protection from fire (on tentacle)
 k - a +4 ring of evasion (left tentacle)
 m - a ring of protection from cold (right tentacle)
 t - a ring of protection from fire (on tentacle)
 A - the ring "Losagrun" (on tentacle) {AC+5 Str+3 Stlth+}
   (You found it on level 11 of the Dungeon)

   [ring of protection]

   It affects your AC (+5).
   It affects your strength (+3).
   It makes you more stealthy.
 D - an uncursed amulet of regeneration
 F - an amulet of faith (around mantle)
 J - the ring of Shadows (on tentacle) {Umbra +Inv rN+ SInv}
   (You bought it in a shop on level 9 of the Dungeon)

   [ring of positive energy]

   It protects you from negative energy.
   It lets you see invisible.
   It lets you turn invisible.
 L - a ring of poison resistance (on tentacle)
 V - a +6 ring of dexterity (on tentacle)
Wands
 l - a wand of acid (8/15)
 p - a wand of teleportation (2/9)
 H - a wand of iceblast (8/15)
 Y - a wand of acid (4/15)
 Z - a wand of digging (11/24)
Scrolls
 j - a scroll of identify
 s - 6 scrolls of blinking
 v - 4 scrolls of fog
 w - 8 scrolls of teleportation
 G - 7 scrolls of magic mapping
Potions
 g - 2 potions of agility
 o - 2 potions of heal wounds
 q - 3 potions of might
 x - a potion of magic
 y - 3 potions of cancellation
 z - 6 potions of invisibility
 B - 11 potions of curing
 E - 2 potions of resistance
 I - 4 potions of lignification
 P - 2 potions of haste
 R - a potion of berserk rage
Miscellaneous
 u - a legendary deck of summoning {drawn: 4}
 Q - a sack of spiders
 T - a lamp of fire
Comestibles
 d - 15 bread rations
 K - 12 beef jerkies
 O - 43 fruits


   Skills:
 - Level 10.0 Fighting
 - Level 14.8 Polearms
 - Level 10.6 Slings
 - Level 15.6 Dodging
 - Level 12.8 Stealth
 - Level 15.2 Shields
 - Level 7.0 Spellcasting
 - Level 10.3 Charms
 + Level 3.3 Summonings
 - Level 9.6 Translocations
 + Level 9.8 Air Magic
 * Level 11.7 Evocations


You had 18 spell levels left.
You knew the following spells:

 Your Spells              Type           Power        Failure   Level  Hunger
a - Summon Lightning Spi  Summ/Air       ##......     17%         4    ####...
b - Shroud of Golubria    Chrm/Tloc      ###.......   1%          2    ##.....
c - Blink                 Tloc           N/A          1%          2    ##.....
d - Apportation           Tloc           ###.......   1%          1    None
e - Passage of Golubria   Tloc           N/A          4%          4    ####...
f - Gell's Gravitas       Hex/Tloc       ##........   10%         3    ###....


Dungeon Overview and Level Annotations

Branches:
Dungeon (15/15)            Temple (1/1) D:4            Lair (8/8) D:8
 Shoals (0/4) Lair:6       Spider (4/4) Lair:4        Slime (0/6) Lair:7
    Orc (2/2) D:12            Elf (1/3) Orc:2        Vaults (4/5) D:13
  Crypt (0/3) Vaults:2     Depths (0/5) D:15

Altars:
Ashenzari
Cheibriados
Dithmenos
Elyvilon
Fedhas
Gozag
Kikubaaqudgha
Makhleb
Nemelex Xobeh
Okawaru
Pakellas
Qazlal
Ru
Sif Muna
Trog
Vehumet
Xom
Yredelemnul
Zin
The Shining One
Beogh
Jiyva

Shops:
D:6 (   D:8 *   D:9 *=*[***=?[=[   D:10 *   D:13 }*   D:15 =   Orc:2 :[![
Elf:1 [   Vaults:2 [   Vaults:3 (*(

Annotations:
D:3 namnharef's ghost, amateur HOFi
D:10 Snorg
Lair:7 1 runed door


Innate Abilities, Weirdness & Mutations

You cannot wear most types of armour.
You are amphibious.
You can wear up to eight rings at the same time.
You can use your tentacles to constrict eight enemies at once.
Your skin changes colour to match your surroundings (Stealth).
Your rubbery body absorbs attacks (AC +1).
You have a pair of antennae on your head.
You are clumsy. (Dex -2)
Your flesh is cold resistant.
You are dopey. (Int -2)
Your flesh is heat resistant.
You are resistant to electric shocks.
Your muscles are strong. (Str +2)
You evolve.


Message History

Cigotuvi's Monster is heavily wounded.
You constrict Cigotuvi's Monster, but do no damage.
You hit Cigotuvi's Monster.
Cigotuvi's Monster is heavily wounded.
You constrict Cigotuvi's Monster. Cigotuvi's Monster hits you!!
You block Cigotuvi's Monster's attack. Cigotuvi's Monster misses you.
* * * LOW HITPOINT WARNING * * *
Cigotuvi's Monster constricts you!!
Unknown command.
Drink which item? (? for menu, Esc to quit)
Okay, then.
Drink which item? (? for menu, Esc to quit)
You feel much better.
You constrict Cigotuvi's Monster. Cigotuvi's Monster hits you!
* * * LOW HITPOINT WARNING * * *
Cigotuvi's Monster tramples you but does no damage.
Cigotuvi's Monster stings you!
* * * LOW HITPOINT WARNING * * *
You die...
Your body crumbles into a pile of gold.

#### ### ###
##?|?####.### #### #∩#
#.....#.....###...###'###
#...........##.....#...#.
#.....X....# ......#...#.
#.......{..# ....{u#...#u
#......{.u.# e######...##
#.....###H## ##§§####'###
##???# #@.# #§§u§##...#.
#### #..# {§§§{u#...#.
##..# §§u.uu#...#p ##...#
#.§§{##...#o +...##
##..####'### #...#
####.#...#. ###'##
####..#...#x
####...####.....#...#u
####.........#....p#...##


You could see a brown very ugly thing and Cigotuvi's Monster.

Vanquished Creatures
  Boris (Vaults:3)
  Xtahua (Vaults:4)
  Arachne (Spider:4)
  A titan (Vaults:2)
  2 sphinxes
  Agnes (D:15)
  Gastronok (Lair:3)
  A storm dragon (Vaults:4)
  A shadow dragon (Vaults:2)
  4 fire giants
  A tengu reaver (Vaults:1)
  3 deep elf sorcerers
  Donald (Orc:2)
  3 ghost moths
  3 frost giants
  An orc warlord (Vaults:4)
  Maud (Lair:8)
  10 vault wardens
  Louise (D:15)
  3 emperor scorpions
  A war gargoyle (Vaults:3)
  15 ironheart preservers
  An emperor scorpion (shapeshifter) (Vaults:2)
  3 very ugly things
  A salamander stormcaller (Vaults:3)
  A vampire knight (Vaults:2)
  2 stone giants
  A deep elf demonologist (Vaults:2)
  2 spark wasps (Spider:4)
  5 ettins
  2 deep elf death magi (Vaults:2)
  2 crystal guardians
  A jiangshi (Vaults:2)
  Josephine (D:13)
  A minotaur (Lab)
  7 vault guards
  An ice dragon (Lair:8)
  3 great orbs of eyes
  An entropy weaver (Spider:2)
  10 yaktaur captains
  11 hydras
  Erolcha (D:8)
  6 centaur warriors
  A catoblepas (Lair:6)
  3 death knights
  Erica (Lair:1)
  6 ogre magi
  A deep troll shaman (Vaults:3)
  A tengu warrior (D:13)
  Urug (Lair:3)
  A vampire mage (Vaults:2)
  5 orc high priests (Orc:2)
  An iron golem (WizLab)
  3 deep elf knights
  2 unseen horrors
  A fire crab (shapeshifter) (WizLab)
  A skeletal warrior (D:15)
  A flayed ghost (Vaults:3)
  11 deep trolls (Vaults:3)
  4 hill giants
  Pikel (D:4)
  7 deep elf archers
  13 ironbrand convokers
  A phantasmal warrior (Vaults:3)
  A wizard (D:14)
  2 lindwurms (Lair:8)
  23 orb spiders
  A necromancer (Lair:7)
  47 wolf spiders
  9 harpies
  4 hornets
  43 ugly things
  11 orc knights
  3 orc sorcerers
  2 orb spiders (shapeshifter)
  A cyclops (shapeshifter) (Vaults:2)
  2 griffons
  14 deep elf magi
  An oklob plant (Lair:1)
  4 cyclopes
  Joseph (D:10)
  A hornet (shapeshifter) (Vaults:1)
  2 manticores
  11 elephants
  A salamander (Vaults:2)
  A centaur zombie (D:12)
  9 vault sentinels
  2 ice statues (IceCv)
  4 moths of wrath (Spider:4)
  3 gargoyles
  Maurice (D:8)
  15 black mambas
  A guardian serpent (Lair:8)
  6 torpor snails
  An eye of devastation (Vaults:2)
  4 centaur skeletons
  14 spiny frogs
  A kobold demonologist (Vaults:3)
  9 komodo dragons
  3 rime drakes
  A redback zombie (D:15)
  16 yaktaurs
  11 demonic crawlers
  2 tengu conjurers
  8 freezing wraiths
  A wind drake (shapeshifter) (WizLab)
  A jumping spider (shapeshifter) (D:15)
  23 jumping spiders
  8 trolls
  14 two-headed ogres
  A blink frog (shapeshifter) (Vaults:4)
  11 slime creatures
  4 giant leeches (Lair:8)
  A snapping turtle (shapeshifter) (Vaults:2)
  3 boulder beetles
  16 blink frogs
  62 redbacks
  2 spriggans (shapeshifter) (Vaults:4)
  24 tarantellas
  50 yaks
  2 water elementals (D:11)
  A centaur simulacrum (D:15)
  11 wyverns
  A shadow (D:13)
  A vampire (D:12)
  2 yaks (shapeshifter)
  9 wraiths
  A hog (shapeshifter) (D:14)
  7 basilisks
  Grum (D:10)
  9 vampire mosquitoes
  A hippogriff (shapeshifter) (Vaults:3)
  6 hippogriffs
  4 hungry ghosts
  6 mottled dragons
  11 wargs
  A hell hound (D:13)
  23 water moccasins
  2 soldier ants (D:15)
  12 porcupines
  31 orc warriors
  3 slaves
  6 sky beasts
  A black bear (D:8)
  13 ice beasts
  2 eyes of draining (shapeshifter)
  3 necrophages
  A phantom (D:7)
  12 wasps
  29 ogres
  16 wolves
  13 centaurs
  16 crocodiles
  3 big kobolds
  27 giant frogs
  7 scorpions
  6 small abominations (WizLab)
  A human simulacrum (Vaults:3)
  40 killer bees
  4 electric eels
  3 wights (D:11)
  8 howler monkeys
  13 crimson imps
  2 giant frog zombies
  14 jellies
  39 orc priests
  3 giant frog skeletons
  21 orc wizards
  3 quasits
  Crazy Yiuf (D:7)
  A gnoll shaman (Orc:1)
  12 hounds
  Jessica (D:3)
  Natasha (D:4)
  7 iguanas
  22 worker ants
  2 yak simulacra (Lair:7)
  6 polar bear simulacra (Lair:7)
  2 wolf simulacra (Lair:7)
  9 sheep
  3 hound skeletons
  A howler monkey zombie (D:6)
  4 worker ant zombies
  7 gnolls
  23 adders
  36 river rats
  5 shadow imps
  17 oozes
  An adder zombie (D:5)
  28 worms
  7 giant geckos
  124 orcs
  A ball python (Sewer)
  14 bats
  11 giant cockroaches
  14 goblins
  14 hobgoblins
  15 jackals
  30 kobolds
  7 quokkas
  A ball python skeleton (D:5)
  3 giant gecko zombies
  9 giant newts
  5 rats
  A river rat simulacrum (Lair:7)
  A fungus (Lair:8)
  A plant (Lair:8)
1601 creatures vanquished.

Vanquished Creatures (collateral kills)
  A stone giant (Vaults:2)
  2 vault guards (Vaults:2)
  A vault sentinel (Vaults:2)
  A yaktaur (Vaults:2)
5 creatures vanquished.

Vanquished Creatures (others)
  A yaktaur captain (Vaults:3)
  An ogre mage (Vaults:4)
  2 deep elf archers (Vaults:1)
  4 yaktaurs
  An ogre (Vaults:2)
  3 centaurs
  5 sheep (D:8)
  An orc (Vaults:4)
  12 fungi
  9 plants
39 creatures vanquished.

Grand Total: 1645 creatures vanquished

Notes
Turn   | Place    | Note
--------------------------------------------------------------
     0 | D:1      | M4edhros the Octopode Hunter began the quest for the Orb.
     0 | D:1      | Reached XP level 1. HP: 14/14 MP: 1/1
    24 | D:1      | Reached XP level 2. HP: 19/19 MP: 2/2
   626 | D:2      | Reached XP level 3. HP: 24/24 MP: 3/3
   631 | D:2      | Reached skill level 5 in Slings
   700 | D:2      | Found a shattered altar of Ashenzari.
   826 | D:2      | Reached XP level 4. HP: 29/29 MP: 4/4
   898 | D:2      | Found a radiant altar of Vehumet.
  1274 | D:3      | Noticed Jessica
  1283 | D:3      | Killed Jessica
  1329 | D:3      | Noticed an ogre
  1336 | D:3      | Killed an ogre
  1336 | D:3      | Reached XP level 5. HP: 30/34 MP: 5/5
  1381 | D:3      | Found a glowing drain.
  1419 | Sewer    | Entered a sewer
  1563 | Sewer    | Reached XP level 6. HP: 36/39 MP: 6/6
  2055 | D:3      | Noticed namnharef's ghost (amateur HOFi)
  2081 | D:4      | Noticed a slave
  2602 | D:4      | Found a staircase to the Ecumenical Temple.
  2611 | Temple   | Entered the Ecumenical Temple
  2622 | Temple   | Became a worshipper of Gozag Ym Sagoz the Greedy
  2808 | D:4      | Noticed Pikel
  2833 | D:4      | Killed a slave
  2857 | D:4      | Noticed a slave
  2861 | D:4      | Noticed a slave
  2861 | D:4      | Noticed Natasha
  2878 | D:4      | Killed a slave
  2971 | D:4      | Noticed a slave
  2993 | D:5      | Entered Level 5 of the Dungeon
  3120 | D:5      | Killed a slave
  3422 | D:5      | Reached skill level 1 in Shields
  3422 | D:5      | Reached XP level 7. HP: 12/45 MP: 7/7
  4040 | D:5      | Found a sacrificial altar of Ru.
  4273 | D:4      | Killed Pikel
  4273 | D:4      | Reached XP level 8. HP: 46/50 MP: 8/8
  4313 | D:4      | Killed Natasha
  4899 | D:3      | Found a blossoming altar of Fedhas.
  5970 | D:6      | Reached skill level 5 in Dodging
  6507 | D:6      | Reached XP level 9. HP: 54/54 MP: 9/9
  6658 | D:6      | Reached skill level 5 in Shields
  6710 | D:6      | Found Zaitex Ylos's Antique Weapon Shoppe.
  6728 | D:6      | Got a bone quarterstaff
  6738 | D:6      | Identified the +4 quarterstaff of Valour {venom, *Drain rElec Dex+2} (You found it on level 6 of the Dungeon)
  6752 | D:6      | Bought a glowing trident for 80 gold pieces
  6909 | D:7      | Noticed Crazy Yiuf
  6916 | D:7      | Killed Crazy Yiuf
  6916 | D:7      | Reached skill level 5 in Stealth
  7422 | D:7      | Reached skill level 10 in Slings
  7661 | D:7      | Reached XP level 10. HP: 24/60 MP: 10/10
  7674 | D:7      | Found a basalt altar of Yredelemnul.
  7674 | D:7      | Found a snail-covered altar of Cheibriados.
  7690 | D:7      | Found a sparkling altar of Nemelex Xobeh.
  8483 | D:8      | Found a burning altar of Makhleb.
  8495 | D:8      | Noticed Erolcha
  8521 | D:8      | Killed Erolcha
  8570 | D:8      | Found a shimmering altar of Xom.
  8663 | D:8      | Found Xuvug's Assorted Antiques.
  8666 | D:8      | Noticed Maurice
  8682 | D:8      | Killed Maurice
  8702 | D:8      | Bought a steaming demon trident for 500 gold pieces
  8702 | D:8      | Identified the +6 demon trident of Fysempum {speed, rN+ MP+9 Str+4 Int-5} (You bought it in a shop on level 8 of the Dungeon)
  8747 | D:8      | Found a staircase to the Lair.
  8849 | D:8      | Found a flagged portal.
  8854 | Bailey   | Entered a bailey
  8914 | Bailey   | Noticed an orc knight
  8969 | Bailey   | Reached skill level 1 in Polearms
  9080 | Bailey   | Killed an orc knight
  9362 | Bailey   | Got a transparent plate armour
  9439 | D:8      | Found a shimmering altar of Xom.
  9669 | D:8      | Found a glowing golden altar of the Shining One.
  9807 | D:9      | Reached XP level 11. HP: 43/64 MP: 11/11
 10474 | D:9      | Found Ceasm's Magic Scroll Emporium.
 10524 | D:9      | Reached skill level 5 in Polearms
 10750 | D:9      | Found an ancient bone altar of Kikubaaqudgha.
 10751 | D:9      | Found an iron altar of Okawaru.
 10799 | D:9      | Reached skill level 10 in Stealth
 10835 | D:10     | Entered Level 10 of the Dungeon
 10890 | D:10     | Noticed a hill giant
 10925 | D:10     | Killed a hill giant
 11006 | D:10     | Noticed Joseph
 11019 | D:10     | Killed Joseph
 11038 | D:10     | Found Nudayxt's General Store.
 11046 | D:10     | Noticed Grum
 11143 | D:10     | Killed Grum
 11415 | D:10     | Noticed Snorg
 11961 | D:11     | Noticed an unseen horror
 11989 | D:11     | Killed an unseen horror
 11989 | D:11     | Reached XP level 12. HP: 47/70 MP: 12/12
 12042 | D:11     | Got a flickering tin ring
 12043 | D:11     | Identified the ring "Losagrun" {AC+5 Str+3 Stlth+} (You found it on level 11 of the Dungeon)
 13631 | D:12     | Found a staircase to the Orcish Mines.
 13792 | D:12     | Got an ichor-stained long sword
 14430 | D:13     | Noticed Sonja
 14432 | D:13     | Noticed Sonja
 14432 | D:13     | Sonja changed into Sonja the hell hound
 14440 | D:13     | Killed Sonja the hell hound
 14440 | D:13     | Reached skill level 10 in Dodging
 14658 | D:13     | Identified the +9 long sword of Pafies {slice, rF++} (You found it on level 12 of the Dungeon)
 14674 | D:13     | Noticed a yaktaur captain
 14850 | Lair:1   | Entered Level 1 of the Lair of Beasts
 15034 | Lair:1   | Noticed a seven-headed hydra
 15059 | Lair:1   | Killed a seven-headed hydra
 15059 | Lair:1   | Reached skill level 10 in Polearms
 15219 | Lair:1   | Noticed a five-headed hydra
 15230 | Lair:1   | Killed a five-headed hydra
 15247 | Lair:1   | Noticed Erica
 15270 | Lair:1   | Killed Erica
 15270 | Lair:1   | Reached XP level 13. HP: 70/74 MP: 13/13
 17523 | Lair:3   | Noticed Gastronok
 17596 | Lair:3   | Killed Gastronok
 17866 | Lair:3   | Noticed Urug
 17890 | Lair:3   | Killed Urug
 18354 | Lair:3   | Learned a level 4 spell: Summon Lightning Spire
 18616 | Lair:4   | Reached skill level 5 in Fighting
 18775 | Lair:4   | Found a hole to the Spider Nest.
 19045 | Lair:4   | Found a frozen archway.
 19055 | IceCv    | Entered an ice cave
 19586 | Lair:5   | Reached XP level 14. HP: 79/89 MP: 14/14
 20997 | Lair:6   | Found a staircase to the Shoals.
 21952 | Lair:7   | Found a runed door.
 21952 | Lair:7   | Found a viscous altar of Jiyva.
 21955 | Lair:7   | Found a staircase to the Slime Pits.
 22520 | Lair:8   | Entered Level 8 of the Lair of Beasts
 22544 | Lair:8   | Found a labyrinth entrance.
 22563 | Lab      | Entered a labyrinth
 22793 | Lab      | Got an ancient flail {crush}
 22820 | Lab      | Identified Tooloori's Volume of the Spatial Rocks
 22823 | Lab      | Identified a scroll of acquirement
 22824 | Lab      | Identified the +11 flail "Blob" {crush, Int+3} (You took it off a minotaur in a labyrinth)
 23080 | Lair:8   | Noticed Maud
 23098 | Lair:8   | Killed Maud
 23347 | Lair:8   | Reached XP level 15. HP: 82/99 MP: 15/15
 23752 | Lair:8   | Found a runed door.
 24831 | D:9      | Bought a peridot ring for 120 gold pieces
 24931 | Orc:1    | Entered Level 1 of the Orcish Mines
 25196 | Orc:2    | Entered Level 2 of the Orcish Mines
 25210 | Orc:2    | Noticed Donald
 25230 | Orc:2    | Killed Donald
 25454 | Orc:2    | Found Jaqur's Book Shop.
 25454 | Orc:2    | Found Riurec's Antique Armour Shoppe.
 25471 | Orc:2    | Found a roughly hewn altar of Beogh.
 25616 | Orc:2    | Found Tacvek's Distillery.
 25636 | Orc:2    | Bought a potion of mutation for 32 gold pieces
 25651 | Orc:2    | Found Kokhaff's Armour Shoppe.
 25686 | Orc:2    | Found a staircase to the Elven Halls.
 26294 | Orc:1    | Reached skill level 10 in Fighting
 26737 | Spider:1 | Entered Level 1 of the Spider Nest
 26884 | Spider:1 | Reached skill level 10 in Shields
 26884 | Spider:1 | Reached XP level 16. HP: 71/109 MP: 16/16
 27507 | Spider:1 | Reached XP level 17. HP: 78/115 MP: 17/17
 28909 | Spider:3 | Reached skill level 15 in Dodging
 29176 | Spider:4 | Entered Level 4 of the Spider Nest
 30344 | Spider:4 | Noticed Arachne
 30381 | Spider:4 | Killed Arachne
 30770 | Spider:4 | Reached XP level 18. HP: 85/120 MP: 18/18
 30875 | Spider:4 | Reached skill level 15 in Shields
 31340 | Spider:4 | Got a gossamer rune of Zot
 31763 | D:9      | Bought a viscous blue potion for 20 gold pieces
 31763 | D:9      | Bought a runed greatsling for 345 gold pieces
 32620 | D:13     | Reached skill level 1 in Air Magic
 32720 | D:13     | Found Etuakam's Gadget Boutique.
 32754 | D:13     | Found Owkeuhorod's General Store.
 32934 | D:13     | Found a gate to the Vaults.
 33121 | D:13     | Noticed Josephine
 33161 | D:13     | Killed Josephine
 33473 | D:14     | Reached skill level 5 in Air Magic
 33928 | D:15     | Entered Level 15 of the Dungeon
 33949 | D:15     | Noticed Agnes
 33951 | D:15     | Noticed Louise
 33964 | D:15     | Killed Agnes
 34276 | D:15     | Found a staircase to the Depths.
 34753 | D:15     | Killed Louise
 35540 | Vaults:1 | Entered Level 1 of the Vaults
 35671 | Vaults:1 | Learned a level 2 spell: Shroud of Golubria
 35676 | Vaults:1 | Learned a level 2 spell: Blink
 35678 | Vaults:1 | Learned a level 1 spell: Apportation
 35683 | Vaults:1 | Learned a level 4 spell: Passage of Golubria
 35758 | Vaults:1 | Reached skill level 1 in Translocations
 35758 | Vaults:1 | Reached skill level 1 in Evocations
 36134 | Vaults:1 | Reached XP level 19. HP: 116/126 MP: 21/21
 36277 | Vaults:1 | Reached skill level 5 in Translocations
 36732 | Vaults:1 | Reached skill level 5 in Evocations
 36749 | Vaults:1 | Gained mutation: You have a beak for a mouth. [potion of mutation]
 36749 | Vaults:1 | Gained mutation: You evolve. [potion of mutation]
 36749 | Vaults:1 | Gained mutation: Your mind is acute. (Int +2) [potion of mutation]
 36750 | Vaults:1 | Lost mutation: Your mind is acute. (Int +2) [potion of mutation]
 36750 | Vaults:1 | Gained mutation: You have a pair of small antennae on your head. [potion of mutation]
 36750 | Vaults:1 | Gained mutation: One of your tentacles bears a spike. [potion of mutation]
 36751 | Vaults:1 | Gained mutation: You are frail (-10% HP). [potion of mutation]
 36751 | Vaults:1 | Lost mutation: You are frail (-10% HP). [potion of mutation]
 36751 | Vaults:1 | Lost mutation: One of your tentacles bears a spike. [potion of mutation]
 36752 | Vaults:1 | Gained mutation: One of your tentacles bears a spike. [potion of mutation]
 36752 | Vaults:1 | Gained mutation: You are resistant to electric shocks. [potion of mutation]
 36753 | Vaults:1 | Gained mutation: Your flesh is cold resistant. [potion of mutation]
 36753 | Vaults:1 | Lost mutation: One of your tentacles bears a spike. [potion of mutation]
 36754 | Vaults:1 | Gained mutation: You are clumsy. (Dex -2) [potion of mutation]
 36754 | Vaults:1 | Lost mutation: You have a beak for a mouth. [potion of mutation]
 36754 | Vaults:1 | Gained mutation: You have a pair of antennae on your head. [potion of mutation]
 36755 | Vaults:1 | Gained mutation: Scrolls take you a little longer to read. [potion of mutation]
 36755 | Vaults:1 | Lost mutation: Scrolls take you a little longer to read. [potion of mutation]
 36798 | Vaults:2 | Found Gumefieb's Armour Shop.
 37416 | Vaults:2 | Gained mutation: You are dopey. (Int -2) [evolution]
 37510 | Vaults:2 | Found a staircase to the Crypt.
 37922 | Vaults:2 | Cast into level 2 of the Abyss (a deep elf sorcerer)
 37954 | Vaults:2 | Escaped the Abyss
 38285 | Vaults:2 | Reached skill level 1 in Charms
 38376 | Vaults:2 | Reached skill level 1 in Spellcasting
 38941 | Vaults:2 | Reached XP level 20. HP: 115/132 MP: 26/26
 39036 | Vaults:2 | Reached skill level 5 in Charms
 39138 | Vaults:2 | Learned a level 3 spell: Gell's Gravitas
 39141 | Vaults:2 | Identified the Collected Works on Malediction (You found it on level 2 of the Vaults)
 39280 | Vaults:2 | Identified the Catalogue of Hexes
 40084 | Vaults:3 | Noticed Boris
 40096 | Vaults:3 | Killed Boris
 40579 | Vaults:3 | Found Gozag's Assorted Antiques.
 40580 | Vaults:3 | Found Gozag's Antique Weapon Shoppe.
 40596 | Vaults:3 | Reached skill level 5 in Spellcasting
 40597 | Vaults:3 | Found an opulent altar of Gozag.
 40787 | Vaults:3 | Found Gozag's Antique Weapon Emporium.
 41198 | Vaults:3 | Reached skill level 10 in Evocations
 42256 | Vaults:4 | Reached skill level 1 in Summonings
 42285 | Vaults:4 | Gained mutation: Your muscles are strong. (Str +2) [potion of beneficial mutation]
 42362 | Vaults:4 | Reached XP level 21. HP: 125/137 MP: 30/30
 42382 | Vaults:4 | Reached skill level 10 in Charms
 42762 | Vaults:4 | Identified a +5 rod of clouds (12/12) (You found it on level 2 of the Vaults)
 42927 | Vaults:4 | Noticed Xtahua
 42961 | Vaults:4 | Gained mutation: Your flesh is heat resistant. [evolution]
 43311 | Vaults:4 | Killed Xtahua
 43713 | D:9      | Bought the ring of Shadows {Umbra +Inv rN+ SInv} for 725 gold pieces
 43860 | Elf:1    | Entered Level 1 of the Elven Halls
 43888 | Elf:1    | Found Nagos's Armour Shoppe.
 43973 | Elf:1    | Found a magical portal.
 43980 | WizLab   | Entered Cigotuvi's Fleshworks
 44226 | WizLab   | Mangled by Cigotuvi's Monster

Vault maps used:
D:1:      scummos_arrival_simple_crosswalls
D:2:      lemuel_crystal_altar, lemuel_tele_altar
D:3:      gup_sewer_entry_glass, fedhas_altar_1, uniq_jessica
D:4:      minmay_temple_entry_poolview, first_bread, uniq_pikel, uniq_natasha
D:5:      marbit_many_paths
D:6:      serial_shops, shop_fountains
D:7:      gammafunk_temple_overflow_forgotten, minmay_misc_feat_diagonals,
          grunt_ogre_cave, grunt_decor_mini_mirrors, uniq_crazy_yiuf_cottage
D:8:      tso_oasis_becter, kb_xom_exploding_sheep, bloody_makhleb,
          lair_0_dummy, basic_altar, serial_shops, shop, enter_bailey_1,
          uniq_erolcha, uniq_maurice
D:9:      gammafunk_temple_overflow_statue, serial_shops, shop
D:10:     serial_shops, shop, uniq_snorg, uniq_joseph, uniq_grum
D:11:     hangedman_cross_stitches, serial_bayou_lake_a
D:12:     hiddenorc2_lemuel
D:13:     minmay_weird_star, david_vaults_2, serial_shops, nicolae_shop_stone,
          kennysheep_mini_moat, minivault_25_ag, uniq_sonja, uniq_josephine
D:14:     kennysheep_decorative_pillar
D:15:     grunt_enter_depths_giant_problem, hangedman_abyss_or_decor_clamps,
          nicolae_benzene_ring, eino_small_chamber_without_monster, uniq_agnes,
          uniq_louise
Temple:   nicolae_temple_no_exploring_needed
Lair:1:   lemuel_slime, grunt_forest_large_clearings, uniq_erica
Lair:2:   grunt_megastairs_3, infiniplex_staircase_pool, lemuel_fruit_tree
Lair:3:   nicolae_quartered_pool_little, uniq_gastronok, uniq_urug
Lair:4:   spider_nest_entry_rubble, portal_ice_cave_entry_pillars_01,
          grunt_megastairs_5
Lair:5:   st_stairs_9, grunt_megastairs_1
Lair:6:   minmay_shoals_entry_beasts, lookout_lair_type
Lair:7:   slime_altar_2, eino_house_with_fridge
Lair:8:   wormcave, hangedman_lair_tendril_chambers, lab_entry_generic,
          grunt_forest_stairs_basic, uniq_maud
Spider:1: nicolae_spider_mines_3
Spider:3: spider_trap, spiders_nest_wasp_nest
Spider:4: johnstein_spider_rune_arachne_lair
Orc:1:    nicolae_orc_crystal_geode
Orc:2:    st_orc_town, statue_in_the_mist_lemuel, uniq_donald
Elf:1:    minmay_elf_arrival_circle, serial_shops, shop, shop,
          mu_enter_wizlab_7, hangedman_elf_disciples, bh_hangedman_babel_library
Vaults:1: nicolae_vaults_angled_halls, vaults_dpeg_spiral,
          vaults_room_grunt_arrival_ludios, nicolae_vaults_asterisk,
          vaults_room_corners, st_more_cells, nicolae_vaults_ninety_degrees,
          grunt_vaults_funnel
Vaults:2: v_misc_27, vaults_room_pool, st_greater_box_3,
          grunt_vaults_hallway_long, nicolae_vaults_little_squares_5,
          v_alt_pattern_4, nicolae_vaults_little_squares_2,
          nicolae_vaults_rhombus_7, ontoclasm_vaults_shuriken,
          vaults_room_fancy_cross, ontoclasm_vaults_ligature,
          minmay_crypt_entry_simple_corners, ontoclasm_vaults_fault, v_misc_5,
          nicolae_vaults_theta, v_alt_pattern_1, ontoclasm_vaults_pinch,
          serial_shops, shop
Vaults:3: hangedman_vaults_nails, ontoclasm_vaults_spin, v_rooms_2,
          nicolae_vaults_what_the_h, hangedman_vaults_nails,
          kennysheep_vaults_gozag_temple, hangedman_vaults_corner_blocks,
          v_misc_3, nicolae_vaults_gold_heap, nicolae_vaults_theta,
          ontoclasm_vaults_bender, serial_glass, uniq_boris
Vaults:4: vaults_room_hangedman_quadrants, nicolae_vaults_little_squares_5,
          nicolae_vaults_little_squares_3, vaults_room_door_ring,
          hangedman_vaults_stitches, vaults_room_semicircle,
          nicolae_vaults_rhombus_5, hangedman_vaults_slice,
          nicolae_vaults_yaktaur_gun_rack, uniq_xtahua
Lab:      labyrinth_watery, nicolae_lab_x, nicolae_lab_swirl, nicolae_lab_stuck,
          nicolae_lab_grate_2, lab_statue
Sewer:    sewer_fruit_machine
Bailey:   bailey_axe_4, bailey
IceCv:    ice_cave_statue_garden_01
WizLab:   wizlab_cigotuvi

Skill      XL: |  1  2  3  4  5  6  7  8  9 10 11 12 13 14 15 16 17 18 19 20 21 |
---------------+----------------------------------------------------------------+-----
Slings         | 5 6 7 8 9 10 | 10.6
Shields        | 1 3 4 6 7 8 10 11 14 15 | 15.2
Dodging        | 4 5 6 7 9 10 11 12 13 14 15 | 15.6
Stealth        | 3 7 9 10 12 | 12.8
Polearms       | 3 7 10 12 14 | 14.8
Fighting       | 5 8 10 | 10.0
Air Magic      | 9 |  9.8
Translocations | 4 9 |  9.6
Evocations     | 3 8 10 11 | 11.7
Charms         | 4 9 10 | 10.3
Spellcasting   | 2 6 7 |  7.0
Summonings     | 1 3 |  3.3

Action                   |  1- 3 |  4- 6 |  7- 9 | 10-12 | 13-15 | 16-18 | 19-21 || total
-------------------------+-------+-------+-------+-------+-------+-------+-------++-------
Melee: Short sword       |       |     4 |       |       |       |       |       ||     4
       Dagger            |       |    26 |   107 |    35 |       |       |       ||   168
       Hunting sling     |       |     6 |     5 |     1 |       |       |       ||    12
       Trident           |       |       |    67 |    12 |       |       |       ||    79
       Quarterstaff      |       |       |     2 |       |       |       |       ||     2
       Demon trident     |       |       |       |   811 |  1592 |  1458 |  1938 ||  5799
 Fire: Hunting sling     |    72 |   202 |   167 |   133 |    75 |       |       ||   649
       Blowgun           |       |       |       |     9 |    27 |       |       ||    36
       Greatsling        |       |       |       |       |       |    36 |       ||    36
Throw: Stone             |       |       |       |       |       |     1 |       ||     1
 Cast: Passage of Golubr |       |       |       |       |       |       |     1 ||     1
Invok: Call Merchant     |       |       |       |     3 |     4 |     2 |     3 ||    12
Evoke: Wand              |       |     3 |     4 |     2 |       |     3 |       ||    12
       Deck              |       |       |       |       |       |     1 |     3 ||     4
  Use: Scroll            |     6 |     4 |     2 |    13 |    12 |    12 |     9 ||    58
       Potion            |       |     3 |     2 |     8 |     9 |     1 |    15 ||    38
 Stab: Sleeping          |       |     1 |    14 |    59 |   110 |    73 |    42 ||   299
       Distracted        |       |       |     2 |     7 |    25 |    32 |    25 ||    91
  Eat: Chunk             |       |     7 |       |       |       |       |       ||     7
       Pizza             |       |       |     1 |     4 |     1 |     1 |     1 ||     8
       Beef jerky        |       |       |     1 |     4 |       |       |     2 ||     7
       Meat ration       |       |       |     2 |     4 |     4 |     6 |     2 ||    18
       Bread ration      |       |       |     2 |     1 |     2 |       |     2 ||     7
       Royal jelly       |       |       |       |       |     4 |       |       ||     4
